Map: King's Cove LE

Players

艾佛伸

  • Race: Protoss Protoss
  • League: Platinum
  • Spawn Location: 11:00

llllllllllll - Winner!

  • Race: Protoss Protoss
  • League: Platinum
  • Spawn Location: 5:00

VOD

Have the link to the VOD?

Description

Time

  • Played on: April 25, 2025, 5:43 a.m.
  • Length: 4:11
Show
View Real Time Build Order
Export as new Build Order

艾佛伸 Protoss 

Build Orders:  

Get SALT Encoding   

  12  0:00  Probe  
  13  0:12  Probe  
  14  0:18  Pylon  
  14  0:24  Probe  
  15  0:37  Probe  
  15  0:40  Forge  
  16  0:49  Probe  
  17  0:56  Assimilator  
  17  1:01  Probe  
  18  1:15  Pylon  
  18  1:16  Probe  
  19  1:20  Gateway  
  19  1:28  Probe  
  19  1:31  Pylon  
  20  1:42  Probe  
  20  1:45  Assimilator  
  20  1:54  Gateway  
  20  1:58  Probe  
  21  2:06  Photon Cannon  
  21  2:10  Probe  
  22  2:22  Probe  
  23  2:26  Cybernetics Core  
  23  2:56  Pylon  
  23  2:57  Pylon  
  23  3:01  Stalker  
  23  3:02  Stalker  
  27  3:11  Shield Battery  
  27  3:16  Shield Battery  
  27  3:32  Twilight Council  
  27  3:43  Gateway  
  27  3:48  Pylon  
Show
View Real Time Build Order
Export as new Build Order

llllllllllll Protoss - Winner!

Build Orders:  

Get SALT Encoding   

  12  0:00  Probe  
  13  0:12  Probe  
  14  0:18  Pylon  
  14  0:24  Probe  
  15  0:32  Probe  
  15  0:38  Gateway  
  15  0:41  Probe  
  17  0:51  Probe  
  17  0:56  Gateway  
  18  1:03  Probe  
  19  1:05  Assimilator  
  19  1:09  Assimilator  
  19  1:15  Probe  
  20  1:26  Cybernetics Core  
  20  1:31  Pylon  
  20  1:36  Probe  
  20  1:39  Warp Gate  
  21  1:48  Probe  
  22  2:00  Probe  
  23  2:01  Stalker  
  23  2:07  Stalker  
  27  2:27  Gateway  
  27  2:31  Gateway  
  27  2:36  Stalker  
  27  2:43  Stalker  
  31  2:56  Pylon  
  31  3:02  Pylon  
  31  3:27  Stalker x3  
  37  3:34  Stalker  
  39  3:45  Pylon  
  39  3:58  Stalker x2  
  41  4:07  Stalker  
Tags
 
Matchup
PvP
Replay Pack
kreditionep2
Spawn Locations
Cross Positions
Add a new tag
Caveats
  • Supply blocks, unpowered buildings, or Contaminate may cause inaccurate times.
  • Supply counts are checked every 10 seconds.